 Dungeon Crawl Stone Soup version 0.30.1-9-gdf580d7c3d (webtiles) character file.

Game seed: 15780203183946793518

828 pkoi the Insei (level 7, -5/61 HPs)
             Began as a Purple Draconian Monk on Oct 24, 2023.
             Was a Priest of Cheibriados.
             Slain by a gnoll
             ... wielding a +0 halberd
             ... led by a gnoll sergeant
              (10 damage)
             ... on level 5 of the Dungeon.
             The game lasted 00:06:01 (4274 turns).

pkoi the Insei (Purple Draconian Monk)              Turns: 4274, Time: 00:06:02

Health: -5/61      AC:  6    Str: 21    XL:     7   Next: 64%
Magic:  0/9        EV: 20    Int: 21    God:    Cheibriados [***...]
Gold:   302        SH:  0    Dex: 21    Spells: 6/6 levels left

rFire   . .          .
                       - Unarmed
rCold   + . .        b - orb {light}
rNeg    + . .        (body armour unavailable)
rPois   .            (helmet restricted)
rElec   .            (no cloak)
rCorr   .            (no gloves)
SInv    +            (no boots)
Will    +....        f - amulet of guardian spirit
Stlth   +            z - ring of protection from cold
HPRegen 0.30/turn    v - ring "Nakojorph" {rN+ EV+5 SInv}
MPRegen 0.11/turn

%: guardian spirit
@: short of breath, glowing, very slow
A: breathe power, AC +6, unfitting armour, cold-blooded
a: Breathe Dispelling Energy, Renounce Religion, Bend Time, Temporal Distortion


You were on level 5 of the Dungeon.
You worshipped Cheibriados.
Cheibriados was most pleased with you.
You visited 1 branch of the dungeon, and saw 5 of its levels.
You also visited: Ossuary.

You collected 302 gold pieces.

Inventory:

Hand Weapons
 l - a +0 sling
Armour
 b - an orb of light (worn)
Jewellery
 f - an amulet of guardian spirit (around neck)
 n - a +6 ring of dexterity
 q - a ring of see invisible
 t - an amulet of the acrobat
 v - the ring "Nakojorph" (right hand) {rN+ EV+5 SInv}
   (You found it in an ossuary)

   [ring of evasion]

   EV:        It affects your evasion (+5).
   rN:        It protects you from negative energy.
   SInv:      It lets you see invisible.
 z - a ring of protection from cold (left hand)
Wands
 o - a wand of flame (1)
Scrolls
 c - 2 scrolls of noise {unknown}
 d - 3 scrolls of teleportation {unknown}
 e - 9 scrolls of identify {unknown}
 g - a scroll of silence {unknown}
 m - a scroll of magic mapping {unknown}
 p - 2 scrolls of enchant weapon {unknown}
 r - 2 scrolls of amnesia
 s - 3 scrolls of immolation {unknown}
 u - 2 scrolls of enchant armour {unknown}
 x - a scroll of torment {unknown}
 y - a scroll of vulnerability {unknown}
 A - a scroll of fog {unknown}
 D - a scroll of acquirement {unknown}
Potions
 a - 2 potions of ambrosia
 h - 2 potions of heal wounds
 i - 2 potions of curing
 j - 2 potions of brilliance {unknown}
 k - 2 potions of lignification {unknown}
 w - a potion of degeneration {unknown}
 B - a potion of mutation {unknown}
 C - a potion of haste {unknown}


   Skills:
 + Level 5.2 Fighting
 + Level 4.4 Dodging
 * Level 6.5 Unarmed Combat
 + Level 3.4 Invocations


You had 6 spell levels left.
You didn't know any spells.
Your spell library contained the following spells:

 Spells                   Type           Power      Damage    Failure   Level
 Freeze                   Ice            0%         1d3       19%         1
 Magic Dart               Conj           0%         1d3       19%         1
 Sandblast                Erth           0%         2d4       19%         1
 Call Imp                 Summ           0%         N/A       26%         2
 Passwall                 Tmut/Erth      0%         N/A       26%         2
 Scorch                   Fire           0%         2d5       26%         2
 Frozen Ramparts          Ice            0%         1d1       47%         3
 Hailstorm                Conj/Ice       0%         3d3       47%         3
 Mephitic Cloud           Conj/Pois/Air  0%         N/A       47%         3
 Stone Arrow              Conj/Erth      0%         3d7       47%         3
 Flame Wave               Conj/Fire      0%         2d4       87%         4
 Summon Cactus Giant      Summ           0%         N/A       100%        6


Dungeon Overview and Level Annotations

Branches:
Dungeon (5/15)            Ossuary (visited)
 Temple: D:4-7

Altars:
Cheibriados
Sif Muna


Innate Abilities, Weirdness & Mutations

You can breathe bolts of dispelling energy.
Your rich purple scales are hard. (AC +6)
You cannot fit into any form of body armour.
You are cold-blooded and may be slowed by cold attacks.


Message History

Unknown command.
Okay, then.
Okay, then.
It was a potion of heal wounds.
You feel much better. The gnoll closely misses you.
The gnoll sergeant barely misses you.
The gnoll sergeant blocks your attack. x2
The gnoll sergeant is almost dead.
The gnoll closely misses you.
The gnoll sergeant hits you with a +4 spear of flaming.
The gnoll sergeant burns you. The gnoll sergeant blocks your attack.
The gnoll sergeant is almost dead.
You hit the gnoll sergeant but do no damage.
You tail-slap the gnoll sergeant, but do no damage.
The gnoll sergeant is almost dead.
The gnoll completely misses you.
The gnoll sergeant hits you with a +4 spear of flaming.
The gnoll sergeant burns you.
You hit the gnoll sergeant but do no damage.
You tail-slap the gnoll sergeant, but do no damage.
The gnoll sergeant is almost dead.
The gnoll misses you.
The gnoll sergeant hits you with a +4 spear of flaming!
* * * LOW HITPOINT WARNING * * *
The gnoll sergeant burns you.
* * * LOW HITPOINT WARNING * * *
You hit the gnoll sergeant.
You kill the gnoll sergeant!
Cheibriados thoroughly appreciates the change of pace.
The gnoll misses you.
Unknown command.
The gnoll hits you with a +0 halberd!
* * * LOW HITPOINT WARNING * * *
The gnoll misses you.
Things that are here:
a +4 spear of flaming; a +0 ring mail; a +2 kite shield You hit the gnoll but do no damage.
You tail-slap the gnoll.
The gnoll is heavily wounded.
The gnoll hits you with a +0 halberd!
You die...

$##+#...#
........#
........#
........#
........#
#
........#
#+#
#.g..g#
..###
..g...#g#
....#


ggg.. #@# ...# .... #.# ...+ .#. #.# ..## # #.# ..# #.# ### #.# #.# #.# #.# You
could see 2 gnolls.

Vanquished Creatures
  A wraith (Ossuary)
  An ice beast (D:5)
  An ogre (D:5)
  An elf zombie (Ossuary)
  A gnoll sergeant (D:5)
  3 hounds (D:5)
  A jelly (D:5)
  Ijyb (D:5)
  3 mummies (Ossuary)
  3 gnolls (D:3)
  4 adders
  A white imp (D:4)
  4 worms
  3 dart slugs
  8 orcs
  6 endoplasms
  3 giant cockroaches
  10 goblins
  12 hobgoblins
  4 jackals (D:4)
  A quokka (D:3)
  9 ball pythons
  5 frilled lizards
  3 goblin zombies (Ossuary)
  6 hobgoblin zombies (Ossuary)
  3 kobolds
  3 kobold zombies (Ossuary)
  26 rats
127 creatures vanquished.

Notes
Turn   | Place    | Note
-------+----------+-------------------------------------------
     0 | D:1      | pkoi the Draconian Monk began the quest for the Orb.
     0 | D:1      | Reached XP level 1. HP: 19/19 MP: 1/1
   164 | D:1      | Reached XP level 2. HP: 23/26 MP: 2/2
   497 | D:1      | Found a faded altar of an unknown god.
   932 | D:2      | Reached XP level 3. HP: 31/31 MP: 3/3
  1053 | D:2      | Reached skill level 4 in Unarmed Combat
  1906 | D:3      | Reached XP level 4. HP: 40/40 MP: 4/4
  1972 | D:3      | Found a snail-covered altar of Cheibriados.
  1981 | D:3      | Became a worshipper of Cheibriados the Contemplative
  1981 | D:3      | Reached * piety under Cheibriados
  1981 | D:3      | Reached ** piety under Cheibriados
  2272 | D:3      | Reached skill level 1 in Invocations
  2272 | D:3      | Reached XP level 5. HP: 19/46 MP: 2/5
  2497 | D:3      | Found a shimmering blue altar of Sif Muna.
  2834 | D:4      | Found a sand-covered staircase.
  2839 | Ossuary  | Entered an ossuary
  2839 | Ossuary  | Noticed a wraith
  2839 | Ossuary  | Noticed a wraith
  2839 | Ossuary  | Noticed a wraith
  2887 | Ossuary  | Reached skill level 5 in Unarmed Combat
  3095 | Ossuary  | Identified the ring "Nakojorph" {rN+ EV+5 SInv}
  3125 | Ossuary  | Noticed a wraith
  3141 | Ossuary  | Killed a wraith
  3141 | Ossuary  | Reached *** piety under Cheibriados
  3142 | Ossuary  | Reached XP level 6. HP: 52/53 MP: 4/7
  3849 | D:5      | Entered Level 5 of the Dungeon
  3973 | D:5      | Noticed an ice beast
  3984 | D:5      | Killed an ice beast
  3985 | D:5      | Reached skill level 6 in Unarmed Combat
  3985 | D:5      | Your scales start taking on a rich purple colour.
  3985 | D:5      | Reached XP level 7. HP: 60/60 MP: 7/9
  4004 | D:5      | Noticed Ijyb
  4015 | D:5      | Killed Ijyb
  4056 | D:5      | Reached skill level 5 in Fighting
  4188 | D:5      | Identified the +0 robe of the Bells {rElec SInv Archmagi}
  4274 | D:5      | Slain by a gnoll

Illustrated notes

Levels and vault maps discovered:
D:1:      minmay_arrival_wavy_path, layout_loops_ring,
          hellmonk_ecumenical_altar_pennies_from_heaven
D:2:      layout_loops_corners, minmay_between
D:3:      cheibrodos_greedy_goblins, layout_basic,
          mainiacjoe_overflow_small_starburst, mainiacjoe_overflow_chevrons,
          palyth_stone_intersect, minmay_rat_hole
D:4:      layout_cave_pools, enter_ossuary_5
D:5:      nicolae_cairo_tiling_very_big, layout_basic, uniq_ijyb

Skill      XL: |  1  2  3  4  5  6  7 |
---------------+----------------------+-----
Unarmed Combat | 4 5 6 |  6.5
Dodging        | 3 4 |  4.4
Fighting       | 4 5 |  5.2
Invocations    | 1 2 3 |  3.4

Action                     |  1- 3 |  4- 6 |  7- 9 || total
---------------------------+-------+-------+-------++-------
  Melee: Unarmed           |   127 |   222 |    46 ||   395
         Tailslap          |    21 |    32 |    15 ||    68
  Throw: Throwing net      |       |     2 |       ||     2
Ability: Breathe Dispellin |       |       |     1 ||     1
    Use: Potion            |     1 |     1 |     1 ||     3
         Scroll            |     1 |       |       ||     1
   Stab: Held in net/web   |       |     1 |       ||     1
 Armour: Skin              |    30 |    39 |     2 ||    71
  Dodge: Dodged            |    60 |   137 |    49 ||   246
